 Dungeon Crawl Stone Soup version 0.24.0-123-gd5b16e6ec5 (webtiles) character file.

Game seed: 13488223848028333978, levelgen mode: deterministic

838 Ereth the Chopper (level 7, -3/61 HPs)
             Began as a Hill Orc Abyssal Knight on Dec 18, 2019.
             Was a Believer of Lugonu.
             Succumbed to Duvessa's poison
             ... on level 6 of the Dungeon.
             The game lasted 00:10:36 (5386 turns).

Ereth the Chopper (Hill Orc Abyssal Knight)         Turns: 5386, Time: 00:10:37

Health: -3/61      AC: 10    Str: 16    XL:     7   Next: 99%
Magic:  9/9        EV:  8    Int: 12    God:    Lugonu [**....]
Gold:   380        SH:  8    Dex: 11    Spells: 6/6 levels left

rFire    . . .     SeeInvis .   r - +2 war axe
rCold    . . .     Gourm    .   m - +0 shield
rNeg     . . .     Faith    .   x - +0 scale mail
rPois    .         Spirit   .   (no helmet)
rElec    .         Reflect  .   (no cloak)
rCorr    .         Harm     .   z - +0 pair of gloves
MR       .....                  g - +1 pair of boots
Stlth    ..........             n - amulet of regeneration
HPRegen  0.60/turn              (no ring)
MPRegen  0.11/turn              (no ring)

@: lethally poisoned (-3 -> -26), very slightly contaminated
A: no striking features
a: Depart the Abyss, Bend Space, Renounce Religion


You were on level 6 of the Dungeon.
You worshipped Lugonu.
Lugonu was pleased with you.
You were not hungry.

You visited 2 branches of the dungeon, and saw 8 of its levels.
You visited the Abyss 1 time.

You collected 380 gold pieces.

Inventory:

Hand Weapons
 a - a +1 hand axe
 r - a +2 war axe (weapon)
Missiles
 t - a throwing net (quivered)
Armour
 g - a +1 pair of boots (worn)
 m - a +0 shield (worn)
 x - a +0 scale mail (worn)
 z - a +0 pair of gloves (worn)
Jewellery
 n - an amulet of regeneration (around neck)
Scrolls
 e - 3 scrolls of teleportation
 h - 2 scrolls of remove curse
 q - 2 scrolls of amnesia
 w - 3 scrolls of identify
 y - 2 scrolls of magic mapping {unknown}
Potions
 d - a potion of flight
 f - a potion of invisibility
 j - a potion of ambrosia
 k - a potion of haste {unknown}
 l - a potion of heal wounds
 o - 2 potions of might {unknown}
 p - a potion of magic {unknown}
 u - 3 potions of curing {unknown}
 v - a potion of brilliance {unknown}
Comestibles
 c - 6 rations


   Skills:
 + Level 5.5 Fighting
 + Level 7.4 Axes
 + Level 4.6 Armour
 + Level 2.9 Dodging
 + Level 0.4 Stealth
 + Level 2.2 Shields
 + Level 2.7 Invocations


You had 6 spell levels left.
You didn't know any spells.
Your spell library contained the following spells:

 Spells                   Type           Power        Failure   Level  Hunger
 Animate Skeleton         Necr           N/A          99%         1    ##.....
 Apportation              Tloc           #.....       99%         1    ##.....
 Confusing Touch          Hex            #.....       99%         1    ##.....
 Summon Small Mammal      Summ           #...         99%         1    ##.....


Dungeon Overview and Level Annotations

Branches:
Dungeon (7/15)             Temple (1/1) D:4

Altars:
Ashenzari
Cheibriados
Dithmenos
Elyvilon
Fedhas
Gozag
Hepliaklqana
Kikubaaqudgha
Makhleb
Okawaru
Qazlal
Ru
Sif Muna
Uskayaw
Vehumet
Wu Jian
Yredelemnul
Zin
The Shining One

Annotations:
D:3 1 runed translucent door, Belissa's ghost, weakling MfIE
D:4 2 transporters, CrazyArbalest's ghost, amateur DgHu
D:7 Dowan; Duvessa


Message History

Duvessa gestures with her weapon.
Duvessa hits you but does no damage.
You are more poisoned.
Blink to where?
Press: ? - help, Dir - move target cursor You are very lightly contaminated with residual magic.
As you read the scroll of blinking, it crumbles to dust.
* * * LOW HITPOINT WARNING * * *
You feel very sick.
* * * LOW HITPOINT WARNING * * *
You feel very sick.
* * * LOW HITPOINT WARNING * * *
You feel very sick.
* * * LOW HITPOINT WARNING * * *
You feel very sick.
There is a stone staircase leading up here.
* * * LOW HITPOINT WARNING * * *
You feel very sick.
You climb upwards.
You die...

#.........##.# #..#
..........##.# #.##
..#######.##.# ###.### ..#
###...#.## #.....# ..#
#...#....## #.....# ..#
#.#...<...########.....# ..#
#.##...).........#.....#
..####.##.............#.....#
..........#...#.@.....###.###
.#.######.#............##.#
.#.# #.#.###........##.# .#.#
#.#.# #........##.# .#.#
#.#.# #..>.....##.# .#.#
#.#.# ####.#......# .#.#
#.#.###.....##.##.# .#.#
#.#..))...#.##.##.# ##.#
#.#.###.#.........#


There were no monsters in sight!

Vanquished Creatures
  A sky beast (D:5)
  2 ogres (D:4)
  A bullfrog (D:6)
  A scorpion (D:5)
  A centaur zombie (D:5)
  A hound (D:4)
  A gnoll shaman (D:6)
  2 orc priests (D:5)
  A bullfrog skeleton (D:4)
  4 worker ants (D:4)
  5 adders
  5 gnolls (D:6)
  2 shadow imps
  An ooze (D:3)
  An adder skeleton (D:4)
  3 worms
  A dart slug (D:2)
  4 leopard geckos
  3 orcs (D:5)
  2 ball pythons
  7 giant cockroaches
  4 goblins
  A hobgoblin (D:3)
  6 jackals
  3 quokkas
  A ball python skeleton (D:4)
  4 bats (D:2)
  A frilled lizard (D:2)
  4 kobolds
  A quokka skeleton (D:5)
  5 rats
79 creatures vanquished.

Notes
Turn   | Place    | Note
-------+----------+-------------------------------------------
     0 | Abyss:1  | Ereth the Hill Orc Abyssal Knight began the quest for the
                  | Orb.
     0 | Abyss:1  | Reached XP level 1. HP: 19/19 MP: 2/2
     0 | D:1      | Escaped the Abyss
   231 | D:1      | Reached XP level 2. HP: 25/27 MP: 3/3
   864 | D:2      | Reached * piety under Lugonu
   954 | D:2      | Reached XP level 3. HP: 30/34 MP: 4/4
   989 | D:2      | Reached skill level 1 in Dodging
  1085 | D:2      | Reached skill level 3 in Axes
  1389 | D:2      | You fall into a shaft and drop 1 floor!
  1460 | D:3      | Found a runed translucent door.
  1460 | D:3      | Noticed Belissa's ghost (weakling MfIE)
  1498 | D:3      | Found a radiant altar of Vehumet.
  1939 | D:3      | Reached XP level 4. HP: 37/41 MP: 6/6
  2178 | D:3      | Found a faded altar of an unknown god.
  2627 | D:4      | Noticed an ogre
  2633 | D:4      | Killed an ogre
  2633 | D:4      | Reached skill level 4 in Axes
  2633 | D:4      | Reached XP level 5. HP: 7/47 MP: 7/7
  3076 | D:4      | Reached skill level 5 in Axes
  3104 | D:4      | Reached skill level 5 in Fighting
  3199 | D:4      | Reached XP level 6. HP: 44/56 MP: 8/8
  3231 | D:4      | Noticed a sky beast
  3232 | D:4      | Found a transporter.
  3232 | D:4      | Noticed CrazyArbalest's ghost (amateur DgHu)
  3258 | D:4      | Found a transporter.
  3335 | D:4      | Found a staircase to the Ecumenical Temple.
  3344 | Temple   | Entered the Ecumenical Temple
  3439 | D:4      | Reached ** piety under Lugonu
  3528 | D:4      | Reached skill level 6 in Axes
  3576 | D:4      | Reached skill level 1 in Shields
  4016 | D:5      | Entered Level 5 of the Dungeon
  4018 | D:5      | Found an ornate altar of the Wu Jian Council.
  4032 | D:5      | Reached XP level 7. HP: 53/61 MP: 9/9
  4348 | D:5      | Reached skill level 7 in Axes
  4527 | D:5      | Found a burning altar of Makhleb.
  4555 | D:5      | Found a shadowy altar of Dithmenos.
  4555 | D:5      | Found an ancient bone altar of Kikubaaqudgha.
  4557 | D:5      | Found a blossoming altar of Fedhas.
  4560 | D:5      | Found a glowing silver altar of Zin.
  5363 | D:7      | Noticed Dowan
  5365 | D:7      | Noticed Duvessa
  5385 | D:7      | HP: 1/61 [poisoned by Duvessa]
  5386 | D:6      | Succumbed to Duvessa's poison

Levels and vault maps discovered:
D:1:      minmay_arrival_semitransparent, layout_loops_ring
D:2:      layout_loops_ring, marbit_many_paths
D:3:      layout_loops_corners, vehumet_crystals, ebering_ghost_sewer_d,
          gup_sewer_entry_pipe, chequers_ecumenical_altar_grove, first_ration,
          minivault_23
D:4:      layout_gridville, minmay_temple_entry_butterflies,
          gammafunk_ghost_arena
D:5:      layout_rooms, old_standard_altar, lemuel_doored_altar, minitemple,
          kennysheep_generic_room_5
D:6:      layout_loops_ring
D:7:      layout_basic, nicolae_overflow_hidden_temple, the_bakery,
          dk_vineyard_3, uniq_duvessa
Temple:   nicolae_temple_no_exploring_needed

Skill      XL: |  1  2  3  4  5  6  7 |
---------------+----------------------+-----
Fighting       | 4 5 |  5.5
Dodging        | 1 2 |  2.9
Axes           | 3 4 5 6 7 |  7.4
Armour         | 3 4 |  4.6
Shields        | 1 2 |  2.2
Stealth        | |  0.4
Invocations    | |  2.7

Action                   |  1- 3 |  4- 6 |  7- 9 || total
-------------------------+-------+-------+-------++-------
Melee: Hand axe          |   131 |     2 |       ||   133
       War axe           |       |    99 |   104 ||   203
Throw: Throwing net      |       |     1 |       ||     1
Invok: Depart the Abyss  |     1 |       |       ||     1
  Use: Scroll            |       |    11 |     1 ||    12
       Potion            |       |     1 |       ||     1
  Eat: Chunk             |     1 |     2 |     1 ||     4
       Ration            |     1 |     1 |     1 ||     3
Armor: Leather armour    |    35 |     7 |       ||    42
       Ring mail         |       |    34 |    22 ||    56
       Skin              |       |     3 |       ||     3
       Scale mail        |       |       |    24 ||    24
Dodge: Dodged            |    82 |    38 |    27 ||   147
Block: Shield            |       |    32 |    36 ||    68
